AoeStats
← INOX

Arena

510601664Analyzed
4v4 RM · 1d ago on Oct 1, 2026· 55m 13s· 8 players
Game mode
Random Map
Map size
Large (8 player)
Population
200
Speed
Normal
Resources
Standard
Victory
Conquest
Starting age
Dark Age
Ending age
Imperial Age
RankedLock teamsTeams togetherTeam positionsShared explorationLock speedFull tech treeHidden civsTurbo modeCheats
Victory
Defeat
🇬🇧 Franks · United Kingdom
839
+16
🇹🇷 Portuguese · Türkiye
824
+17
🇫🇷 Lithuanians · France
818
+38
🇫🇷 Mongols · France
811
+19
🇹🇷 Mongols · Türkiye
859
-18
🇩🇪 Lithuanians · Germany
854
-17
🇦🇷 Khmer · Argentina
842
-17
🇲🇽 Persians · Mexico
838
-17
INOX
2:02 Loom
11:20 Feudal Age
12:50 Horse Collar
12:58 Double-Bit Axe
14:10 Gold Mining
15:47 Wheelbarrow
19:56 Castle Age
18:45 Scale Mail Armor
19:54 Scale Barding Armor
20:00 Forging
20:57 Bow Saw
20:50 Heavy Plow
22:41 Chain Mail Armor
23:49 Town Watch
26:04 Husbandry
28:36 Hand Cart
29:26 Stone Mining
34:11 Bloodlines
36:02 Iron Casting
40:56 Imperial Age
38:31 Town Patrol
41:13 Cavalier
43:30 Conscription
44:19 Stone Shaft Mining
44:37 Chain Barding Armor
44:41 Paladin
47:46 Light Cavalry
49:44 Hoardings
51:16 Winged Hussar
doggy
10:20 Feudal Age
12:10 Loom
16:39 Castle Age
16:02 Double-Bit Axe
15:59 Horse Collar
27:36 Fletching
32:10 Bodkin Arrow
32:17 Padded Archer Armor
32:24 Scale Barding Armor
33:12 Gold Mining
33:36 Bow Saw
33:29 Heavy Plow
36:44 Gold Shaft Mining
40:29 Imperial Age
39:26 Bloodlines
39:17 Husbandry
39:40 Chain Barding Armor
38:45 Pikeman
39:26 Squires
41:21 Wheelbarrow
41:09 Forging
41:34 Elite Mangudai
42:35 Conscription
46:34 Bracer
47:12 Iron Casting
47:47 Chemistry
47:08 Ballistics
48:14 Capped Ram
53:48 Siege Ram
54:51 Drill
andrewcm20
11:34 Feudal Age
16:20 Castle Age
15:00 Double-Bit Axe
17:52 Wheelbarrow
18:00 Gold Mining
22:10 Hand Cart
22:42 Forging
23:43 Bow Saw
24:11 Stone Mining
26:05 Scale Barding Armor
27:11 Iron Casting
28:14 Husbandry
29:06 Loom
35:57 Imperial Age
33:55 Chain Barding Armor
35:00 Gold Shaft Mining
37:22 Chivalry
37:56 Conscription
37:20 Cavalier
38:18 Paladin
40:25 Blast Furnace
40:02 Plate Barding Armor
42:16 Chemistry
46:01 Scale Mail Armor
46:52 Pikeman
47:36 Halberdier
49:16 Squires
49:45 Chain Mail Armor
50:47 Plate Mail Armor
parla
10:49 Feudal Age
15:42 Castle Age
24:20 Loom
32:37 Imperial Age
34:37 Chemistry
38:31 Murder Holes
40:44 Conscription
41:16 Bombard Tower
41:56 Wheelbarrow
43:05 Town Watch
44:16 Ballistics
44:04 Siege Engineers
48:12 Elite Skirmisher
52:19 Hand Cart
52:10 Padded Archer Armor
52:01 Fletching
52:29 Treadmill Crane
52:54 Pikeman
55:31 Guard Tower
55:52 Fortified Wall
55:53 Masonry
56:02 Leather Archer Armor
55:42 Bodkin Arrow
JANROD2944
2:04 Loom
12:20 Feudal Age
13:02 Double-Bit Axe
15:15 Wheelbarrow
16:52 Bloodlines
20:09 Castle Age
19:21 Horse Collar
20:07 Gold Mining
23:53 Husbandry
29:44 Hand Cart
29:52 Town Watch
30:44 Stone Mining
33:58 Caravan
37:09 Imperial Age
34:28 Light Cavalry
35:13 Murder Holes
37:23 Bow Saw
37:45 Ballistics
39:12 Town Patrol
40:49 Heavy Plow
41:51 Two-Man Saw
40:52 Scale Mail Armor
41:01 Scale Barding Armor
41:06 Forging
40:49 Cavalier
43:25 Fletching
43:35 Padded Archer Armor
44:29 Kamandaran
44:51 Bodkin Arrow
45:40 Crop Rotation
44:43 Crossbowman
45:30 Thumb Ring
45:28 Elite Skirmisher
46:34 Citadels
47:22 Savar
49:03 Gold Shaft Mining
49:05 Stone Shaft Mining
49:47 Leather Archer Armor
50:08 Iron Casting
49:34 Hussar
schiwulski
10:37 Feudal Age
8:55 Loom
11:27 Double-Bit Axe
11:26 Horse Collar
18:32 Castle Age
17:12 Gold Mining
19:15 Forging
19:53 Bow Saw
19:48 Heavy Plow
20:55 Scale Barding Armor
21:58 Fervor
22:22 Light Cavalry
23:27 Chain Barding Armor
22:38 Pikeman
24:05 Wheelbarrow
24:32 Sanctity
27:08 Bloodlines
27:37 Iron Casting
33:14 Imperial Age
32:15 Hand Cart
32:18 Arson
32:37 Squires
33:58 Cavalier
35:01 Halberdier
36:56 Plate Barding Armor
36:22 Scale Mail Armor
36:14 Fletching
37:53 Conscription
38:57 Paladin
43:56 Tower Shields
43:27 Elite Leitis
49:18 Bodkin Arrow
49:18 Town Watch
Fatih
13:01 Feudal Age
15:23 Wheelbarrow
14:51 Double-Bit Axe
15:10 Horse Collar
18:24 Castle Age
19:05 Heavy Plow
19:44 Bow Saw
21:35 Gold Mining
23:26 Gold Shaft Mining
24:47 Fervor
24:49 Stone Mining
26:05 Stone Shaft Mining
26:11 Forging
26:06 Scale Barding Armor
29:08 Hand Cart
28:39 Loom
28:39 Town Watch
31:18 Iron Casting
31:03 Chain Barding Armor
33:52 Imperial Age
34:14 Padded Archer Armor
34:05 Fletching
34:37 Ballistics
34:28 Masonry
34:29 Fortified Wall
34:30 Heavy Camel Rider
36:16 Blast Furnace
35:32 Leather Archer Armor
36:21 Chemistry
35:28 Siege Engineers
35:51 Husbandry
36:01 Bloodlines
37:25 Conscription
37:05 Nomads
36:27 Elite Mangudai
37:43 Hoardings
37:29 Drill
38:39 Bodkin Arrow
40:26 Bracer
39:54 Light Cavalry
41:33 Parthian Tactics
41:13 Thumb Ring
40:29 Elite Skirmisher
42:18 Coinage
45:34 Banking
45:05 Caravan
44:44 Capped Ram
47:50 Hussar
48:26 Siege Ram
GhostGoth
9:33 Loom
11:53 Feudal Age
12:36 Double-Bit Axe
15:29 Wheelbarrow
14:39 Horse Collar
19:37 Castle Age
19:13 Gold Mining
19:16 Stone Mining
21:00 Scale Barding Armor
21:06 Forging
21:31 Heavy Plow
21:45 Bow Saw
21:54 Hand Cart
21:54 Husbandry
22:14 Bloodlines
23:41 Gold Shaft Mining
23:47 Stone Shaft Mining
24:15 Arson
23:51 Pikeman
24:44 Scale Mail Armor
26:06 Iron Casting
26:32 Tusk Swords
31:15 Chain Mail Armor
31:21 Chain Barding Armor
35:35 Padded Archer Armor
35:26 Fletching
Connection lost

Rejoining the realm…

Still unreachable

The connection could not be restored.

Session expired

The server has moved on; the page needs a fresh start.